 Dungeon Crawl Stone Soup version 0.23-a0-356-g1757c6e (webtiles) character file.

75 Gergoth the Chopper (level 4, -4/42 HPs)
             Began as a Minotaur Monk on Oct 21, 2018.
             Killed from afar by an orc wizard (6 damage)
             ... with a magic dart
             ... on level 3 of the Dungeon.
             The game lasted 00:02:34 (1695 turns).

Gergoth the Chopper (Minotaur Monk)                 Turns: 1695, Time: 00:02:34

Health: -4/42      AC:  6    Str: 17    XL:     4   Next: 11%
Magic:  3/3        EV: 12    Int:  7    God:
Gold:   93         SH:  0    Dex: 12    Spells: 3/3 levels left

rFire    . . .     SeeInvis .   a - +0 hand axe
rCold    . . .     Gourm    .   (no shield)
rNeg     . . .     Faith    .   f - +0 ring mail
rPois    .         Spirit   .   (helmet restricted)
rElec    .         Reflect  .   (no cloak)
rCorr    .         Harm     .   (no gloves)
MR       .....                  i - +0 pair of boots
Stlth    ++........             (no amulet)
HPRegen  0.14/turn              s - ring of stealth
MPRegen  0.08/turn              (no ring)

@: slowed, very slow
A: retaliatory headbutt, horns 2
a: no special abilities


You were on level 3 of the Dungeon.
You were hungry.

You visited 1 branch of the dungeon, and saw 3 of its levels.

You collected 93 gold pieces.

Inventory:

Hand Weapons
 a - a +0 hand axe (weapon)
Armour
 f - a +0 ring mail (worn)
 i - a +0 pair of boots (worn)
Jewellery
 s - a ring of stealth (left hand)
Scrolls
 e - a scroll of fog {unknown}
 g - a scroll of identify
 k - 2 scrolls of enchant weapon {unknown}
 m - 3 scrolls of remove curse
 p - a scroll of teleportation {unknown}
 q - a scroll of enchant armour {unknown}
 r - a scroll of magic mapping {unknown}
Potions
 b - 2 potions of resistance
 d - a potion of curing {unknown}
 h - 2 potions of heal wounds {unknown}
 j - a potion of magic {unknown}
 l - a potion of ambrosia {unknown}
 o - a potion of mutation {unknown}
Comestibles
 c - 8 rations
 n - a chunk of flesh


   Skills:
 + Level 5.0 Fighting
 + Level 5.0 Axes
 - Level 3.2 Dodging
 - Level 1.5 Stealth


You had 3 spell levels left.
You didn't know any spells.
Your spell library was empty.

Dungeon Overview and Level Annotations

Branches:
Dungeon (3/15)

Altars:


Innate Abilities, Weirdness & Mutations

You reflexively headbutt those who attack you in melee.
You have a pair of horns on your head.


Message History

The orc priest hits you but does no damage.
The orc wizard points at you and mumbles some strange words.
The magic dart hits you!
* * * LOW HITPOINT WARNING * * *
The orc priest closely misses you.
You barely miss the orc priest. Your headbutt misses the orc priest.
The orc priest is heavily wounded.
You closely miss the orc wizard.
The orc wizard hits you but does no damage.
The orc priest calls down the wrath of Beogh upon you.
Pain shoots through your body!
* * * LOW HITPOINT WARNING * * *
The orc wizard casts a spell.
The orc wizard seems to speed up.
You closely miss the orc wizard. Your headbutt misses the orc wizard.
The orc wizard is severely wounded.
You hit the orc priest.
The orc wizard points at you and mumbles some strange words.
The magic dart hits you!
You die...

#.#######
......oo##
#@.#### ##.##..
#.##.# #.##.#
#.##.# #..#.#
######.#.#
+.........#
#######..######..


You could see an orc priest and an orc wizard.

Vanquished Creatures
  An adder (D:2)
  An ooze (D:2)
  4 dart slugs (D:1)
  4 leopard geckos
  An orc (D:3)
  6 bats
  3 giant cockroaches
  7 goblins
  2 hobgoblins
  5 jackals
  2 kobolds (D:1)
  2 ball pythons
  A frilled lizard (D:1)
  8 rats
47 creatures vanquished.

Notes
Turn   | Place    | Note
-------+----------+-------------------------------------------
     0 | D:1      | Gergoth the Minotaur Monk began the quest for the Orb.
     0 | D:1      | Reached XP level 1. HP: 19/19 MP: 0/0
   117 | D:1      | Reached XP level 2. HP: 19/27 MP: 1/1
   408 | D:1      | Reached XP level 3. HP: 24/34 MP: 2/2
  1442 | D:2      | Reached XP level 4. HP: 41/41 MP: 3/3
  1458 | D:2      | Reached skill level 5 in Axes
  1687 | D:3      | Reached skill level 5 in Fighting
  1694 | D:3      | HP: 1/42 [orc priest/nerve-wracking pain (11)]
  1695 | D:3      | Killed from afar by an orc wizard

Vault maps used:
D:1:      dpeg_arrival_another_circle
D:2:      first_ration

Skill      XL: |  1  2  3  4 |
---------------+-------------+-----
Fighting       | 4 5 |  5.0
Axes           | 4 5 |  5.0
Dodging        | |  3.2
Stealth        | |  1.5

Action                   |  1- 3 |  4- 6 || total
-------------------------+-------+-------++-------
Melee: Hand axe          |    90 |    18 ||   108
       Headbutt          |    12 |       ||    12
  Use: Scroll            |       |     2 ||     2
 Stab: Sleeping          |     1 |       ||     1
  Eat: Chunk             |     2 |       ||     2
Armor: Robe              |    15 |       ||    15
       Ring mail         |     6 |     5 ||    11
Dodge: Dodged            |    71 |     4 ||    75

Table legend:
 A = Non-vault XP
 B = Vault XP
 C = Vault XP percentage of total XP
 D = Non-vault monster count
 E = Vault monster count
 F = Vault count percentage of total count
                 A         B        C        D         E       F
            +---------+---------+-------+---------+---------+-------
      Total |     108 |       0 |   0.0 |      47 |       0 |   0.0
            +---------+---------+-------+---------+---------+-------
        D:1 |      64 |       0 |   0.0 |      32 |       0 |   0.0
        D:2 |      40 |       0 |   0.0 |      13 |       0 |   0.0
        D:3 |       4 |       0 |   0.0 |       2 |       0 |   0.0
            +---------+---------+-------+---------+---------+-------
